AoeStats
← Don_Kowa

Arena

509684314Analyzed
1v1 RM · 4d ago on Sep 27, 2026· 39m 33s· 2 players
Game mode
Random Map
Map size
Tiny (2 player)
Population
200
Speed
Normal
Resources
Standard
Victory
Conquest
Starting age
Dark Age
Ending age
Imperial Age
RankedLock teamsTeams togetherTeam positionsShared explorationLock speedFull tech treeHidden civsTurbo modeCheats
Victory
Defeat
🇫🇷 Persians · France
647
+14
🇦🇷 Maya · Argentina
609
-25
Don_Kowa
0:27 Loom
11:45 Feudal Age
16:52 Castle Age
16:51 Double-Bit Axe
18:13 Pikeman
25:33 Wheelbarrow
26:09 Gold Mining
29:29 Ballistics
29:11 Scale Mail Armor
29:02 Fletching
29:40 Stone Mining
30:05 Bow Saw
31:21 Hand Cart
30:52 Town Watch
32:39 Bodkin Arrow
32:44 Padded Archer Armor
32:55 Forging
33:00 Chain Mail Armor
33:19 Squires
35:03 Thumb Ring
34:19 Crossbowman
35:56 Hand Cart
37:58 Leather Archer Armor
42:11 Imperial Age
phiphi73000
10:44 Feudal Age
19:56 Castle Age
17:24 Man-at-Arms
18:57 Horse Collar
20:29 Long Swordsman
20:55 Gambesons
21:11 Squires
26:46 Pikeman
38:07 Imperial Age
Connection lost

Rejoining the realm…

Still unreachable

The connection could not be restored.

Session expired

The server has moved on; the page needs a fresh start.